Map: Oxide LE

Players

HeroMarine - Winner!

  • Race: Terran Terran

Elazer

  • Race: Zerg Zerg

Event: DreamHack SC2 Masters 2021 Fall

VOD

Have the link to the VOD?

Description

Time

  • Played on: Aug. 8, 2021, 12:45 p.m.
  • Length: 13:32

All games in this series

Show
View Real Time Build Order
Export as new Build Order

HeroMarine Terran - Winner!

Build Orders: Reaper Expand 

Get SALT Encoding   

  12  0:00  SCV  
  13  0:12  SCV  
  14  0:17  Supply Depot  
  14  0:24  SCV  
  15  0:38  SCV  
  15  0:40  Barracks  
  16  0:42  Refinery  
  16  0:50  SCV  
  17  1:02  SCV  
  18  1:15  SCV  
  19  1:26  Reaper  
  19  1:27  Orbital Command  
  20  1:38  Command Center  
  20  1:46  Supply Depot  
  20  1:52  SCV  
  21  1:58  Marine  
  22  2:04  SCV  
  22  2:07  Factory  
  23  2:16  SCV  
  23  2:20  Barracks Reactor  
  24  2:28  SCV  
  25  2:36  Command Center  
  25  2:40  SCV  
  26  2:49  Orbital Command  
  26  2:53  SCV  
  26  2:56  Barracks  
  27  3:05  Barracks Tech Lab  
  27  3:06  SCV  
  27  3:07  Hellion  
  27  3:09  Hellion  
  32  3:15  SCV  
  32  3:18  Refinery, SCV  
  34  3:23  Marine, Stimpack  
  35  3:27  SCV  
  35  3:30  SCV  
  37  3:39  SCV  
  38  3:41  Marine  
  38  3:42  SCV  
  38  3:46  Starport  
  38  3:48  Orbital Command  
  40  3:51  Marine, SCV  
  40  3:52  Marine  
  40  3:54  SCV  
  40  3:55  Factory Reactor  
  44  3:59  Marine  
  44  4:00  Refinery  
  44  4:01  Supply Depot  
  45  4:03  SCV  
  45  4:06  SCV  
  45  4:09  Marine x2  
  48  4:15  SCV x2  
  51  4:17  Marine  
  51  4:18  SCV  
  53  4:27  Refinery, SCV x2, Marine x2  
  53  4:28  Supply Depot  
  53  4:30  SCV  
  58  4:34  Medivac x2  
  58  4:35  Marine  
  58  4:37  Orbital Command  
  63  4:40  Factory Tech Lab  
  63  4:42  SCV x2  
  63  4:45  Marine x2  
  67  4:47  Supply Depot  
  67  4:53  Marine  
  67  4:56  SCV, Engineering Bay  
  67  4:57  SCV  
  67  4:59  Engineering Bay  
  70  5:03  Marine x2, SCV  
  70  5:04  Siege Tank  
  76  5:09  SCV x2  
  76  5:10  Marine  
  76  5:11  Starport Reactor  
  76  5:13  Supply Depot  
  79  5:15  SCV  
  79  5:17  Barracks  
  79  5:20  Marine  
  79  5:21  SCV  
  82  5:23  Terran Infantry Weapons Level 1  
  82  5:24  Supply Depot  
  82  5:26  Terran Infantry Armor Level 1  
  82  5:30  SCV x2  
  82  5:32  Marine  
  82  5:34  Marine  
  82  5:35  SCV  
  87  5:38  Marine  
  87  5:40  Siege Tank  
  87  5:41  Supply Depot x2  
  91  5:43  Combat Shield  
  91  5:44  SCV  
  91  5:46  SCV  
  91  5:48  SCV  
  92  5:50  Marine  
  92  5:55  Medivac  
  92  5:57  SCV, Medivac  
  98  5:58  Marine x2, SCV  
  98  6:02  SCV  
  102  6:07  Marine  
  102  6:09  SCV  
  102  6:10  Marine x2  
  101  6:13  SCV  
  101  6:14  Barracks  
  101  6:15  SCV  
  101  6:16  Marine x2, Barracks  
  101  6:17  Supply Depot  
  105  6:20  Supply Depot  
  105  6:21  SCV  
  105  6:24  Supply Depot  
  105  6:25  SCV  
  107  6:27  Refinery, SCV, Widow Mine  
  107  6:29  Armory  
  110  6:33  SCV  
  110  6:34  Marine x2  
  110  6:35  Marine x2  
  110  6:39  Marine  
  115  6:44  Factory  
  115  6:45  Supply Depot  
  116  6:48  Supply Depot  
  116  6:51  Marine, Widow Mine  
  116  6:53  SCV x2  
  121  6:54  Command Center  
  121  6:56  Marine, Supply Depot  
  121  6:57  Marine  
  121  6:58  Marine  
  124  7:01  Marine  
  124  7:03  Barracks Reactor  
  124  7:04  Barracks Reactor, Sensor Tower  
  124  7:06  Supply Depot  
  125  7:09  Marine  
  125  7:10  Supply Depot  
  125  7:14  Marine  
  123  7:18  Marine x2, Drilling Claws  
  123  7:19  Marine, Terran Infantry Armor Level 2, Terran Infantry Weapons Level 2, Widow Mine  
  128  7:27  Marine, Medivac x2  
  133  7:32  Marine  
  133  7:36  Marine x2  
  136  7:37  Marine  
  136  7:40  Factory Reactor  
  136  7:42  Marine  
  136  7:43  Marine  
  139  7:44  Marine x2  
  139  7:45  Marine, Barracks  
  139  7:46  Barracks  
  139  7:47  Barracks  
  139  7:50  Marine  
  140  7:53  Marine  
  140  7:55  Marine x2  
  144  7:58  Widow Mine  
  144  8:00  Marine x2  
  144  8:01  Liberator x2  
  144  8:02  Marine  
  144  8:03  Marine  
  144  8:05  Marine  
  153  8:07  Marine  
  153  8:10  SCV x3  
  153  8:11  Marine  
  157  8:15  Marine x2  
  157  8:18  Marine x2  
  157  8:19  Widow Mine x2  
  165  8:20  Marine x2  
  165  8:22  SCV x3  
  167  8:34  SCV  
  167  8:41  SCV x2  
  165  8:44  Widow Mine  
  165  8:45  Widow Mine  
  165  8:46  SCV  
  170  8:55  Marine x2  
  153  8:58  Medivac x2  
  154  9:04  Marine x3  
  154  9:08  Barracks Tech Lab  
  154  9:09  Barracks Tech Lab x2  
  157  9:11  SCV x2  
  157  9:14  SCV  
  157  9:17  Marine x4  
  159  9:18  Widow Mine  
  159  9:19  Widow Mine  
  159  9:20  Widow Mine  
  159  9:21  Marine x2  
  159  9:23  SCV x2  
  158  9:26  Marine x2, SCV  
  158  9:28  Medivac x2  
  152  9:31  Marauder  
  152  9:32  Marine x2  
  152  9:37  SCV  
  152  9:38  SCV x2  
  158  9:40  Terran Infantry Armor Level 3, Widow Mine, Terran Infantry Weapons Level 3  
  158  9:41  Widow Mine  
  163  9:48  Planetary Fortress  
  163  9:49  Widow Mine  
  164  9:59  Supply Depot  
  164  10:00  Supply Depot x2  
  164  10:01  Marine x3  
  164  10:02  Marauder x2  
  164  10:05  Command Center  
  171  10:10  Marine  
  171  10:11  Marine, Marauder  
  171  10:12  Marine x2  
  171  10:13  Marine x2  
  170  10:14  Supply Depot  
  170  10:17  Supply Depot  
  170  10:19  Marine x2  
  170  10:20  Marine  
  173  10:23  Marauder  
  173  10:24  Sensor Tower  
  169  10:37  Marine, Marauder  
  169  10:38  Marine x2  
  169  10:39  Marine x2  
  169  10:41  Marine x3  
  169  10:42  Marine x2  
  176  10:43  Widow Mine x2, Liberator  
  176  10:44  Marine, Liberator  
  175  10:55  Marine  
  175  10:56  Marine x2  
  175  10:57  Marine  
  162  10:58  Marauder  
  162  11:00  Marauder x2  
  162  11:02  Widow Mine, Marauder  
  162  11:03  Marine x2  
  171  11:04  Widow Mine  
  171  11:05  Marine x2, Widow Mine  
  176  11:13  Marine x2  
  176  11:15  Marine x2  
  164  11:19  Marauder  
  164  11:21  Marine x2  
  164  11:22  Marauder x2  
  164  11:23  Marine x2, Widow Mine  
  162  11:26  Marauder  
  162  11:30  Marine, Widow Mine x2, Medivac x2  
  162  11:31  Marine  
  164  11:33  Marine  
  164  11:35  SCV  
  164  11:36  Marine, SCV x3  
  164  11:39  Marine x2  
  159  11:41  Marine, Marauder  
  159  11:43  Marine, Marauder x2  
  159  11:47  Marine  
  165  11:48  Marine  
  165  11:49  Marine  
  168  12:02  Marauder  
  168  12:04  Marine x3, Marauder  
  168  12:05  Marauder x2  
  171  12:08  Marine  
  171  12:10  Medivac x2  
  171  12:11  Widow Mine x3  
  171  12:12  Marine x2  
  171  12:13  Marine x2  
  171  12:15  SCV x2  
  165  12:18  SCV x2  
  166  12:23  Marauder  
  166  12:26  Marauder x2  
  166  12:27  Marine, SCV  
  166  12:28  Marine, Marauder  
  166  12:29  Marine  
  178  12:30  SCV x2  
  178  12:35  Planetary Fortress  
  178  12:36  Marine x2  
  178  12:37  Marine x3  
  185  12:44  Concussive Shells  
  185  12:45  Marine, Widow Mine, Marauder  
  185  12:46  Widow Mine  
  185  12:47  Marauder x2  
  185  12:50  Marine, Marauder  
  199  12:52  Marine  
  200  13:06  Marauder  
Show
View Real Time Build Order
Export as new Build Order

Elazer Zerg 

Build Orders: Hatch First 

Get SALT Encoding   

  12  0:00  Drone  
  13  0:12  Overlord  
  13  0:16  Drone  
  14  0:30  Drone x2  
  16  0:46  Hatchery  
  15  0:50  Drone  
  15  0:54  Drone  
  17  0:57  Drone  
  18  1:08  Extractor  
  17  1:12  Spawning Pool  
  17  1:15  Drone  
  17  1:19  Drone  
  18  1:28  Drone  
  19  1:38  Drone  
  20  1:49  Drone  
  21  1:59  Queen x2  
  25  2:01  Zergling x4  
  27  2:08  Metabolic Boost  
  27  2:09  Zergling x2  
  27  2:11  Overlord  
  28  2:30  Hatchery  
  28  2:31  Drone  
  28  2:33  Drone  
  28  2:34  Drone  
  30  2:38  Drone  
  31  2:44  Queen  
  31  2:51  Overlord  
  33  2:54  Drone  
  33  2:55  Drone  
  33  2:56  Drone  
  36  3:05  Overlord  
  36  3:09  Drone x4  
  40  3:15  Queen  
  42  3:20  Queen  
  42  3:26  Drone x2  
  47  3:27  Drone  
  47  3:29  Drone  
  48  3:35  Drone  
  48  3:39  Drone x3  
  52  3:41  Queen  
  52  3:47  Overlord  
  54  3:49  Drone x2  
  54  3:54  Queen  
  57  4:05  Overlord  
  57  4:06  Drone x6  
  63  4:13  Drone x2  
  65  4:19  Hatchery  
  65  4:22  Drone  
  69  4:24  Drone x4  
  69  4:26  Zergling x2  
  69  4:27  Zergling x2  
  69  4:28  Overlord  
  71  4:32  Lair  
  71  4:34  Drone  
  71  4:35  Drone  
  73  4:45  Overlord  
  73  4:47  Extractor x2  
  73  4:48  Drone x5  
  73  4:49  Spore Crawler, Baneling Nest  
  73  4:50  Spore Crawler  
  73  4:53  Drone x2  
  73  4:56  Drone  
  73  4:59  Overlord  
  76  5:01  Spore Crawler  
  76  5:03  Zergling x2  
  76  5:04  Zergling x10  
  81  5:07  Overlord  
  81  5:13  Drone x3, Overlord  
  84  5:15  Drone  
  84  5:16  Extractor  
  84  5:17  Queen  
  84  5:20  Zergling x4  
  88  5:25  Zergling x4  
  90  5:30  Overlord  
  90  5:32  Zergling x2  
  91  5:39  Zergling x2  
  91  5:40  Zergling x14  
  99  5:45  Zergling x10  
  99  5:47  Overlord  
  102  5:55  Overlord  
  102  5:58  Zergling x4  
  102  6:03  Overlord  
  103  6:04  Zergling x2  
  103  6:05  Zergling x2  
  103  6:06  Centrifical Hooks  
  103  6:07  Overlord  
  103  6:10  Evolution Chamber x2  
  102  6:14  Drone x12  
  114  6:21  Drone  
  114  6:25  Drone x3  
  117  6:32  Hatchery  
  116  6:38  Hatchery  
  115  6:43  Overlord  
  115  6:44  Drone x3  
  115  6:45  Zergling x10  
  115  6:46  Zergling x12  
  129  6:52  Overlord  
  129  6:53  Zergling x2  
  129  6:54  Zergling x6  
  133  6:56  Baneling x11  
  133  6:57  Overseer  
  133  6:59  Zergling x2  
  134  7:03  Zerg Melee Weapons Level 1, Zerg Ground Armor Level 1  
  134  7:06  Burrow, Pneumatized Carapace  
  134  7:13  Zergling x8  
  134  7:14  Zergling x8  
  137  7:21  Zergling x18  
  146  7:24  Baneling x8  
  146  7:32  Overseer  
  145  7:38  Zergling x24  
  150  7:47  Overlord  
  150  7:50  Spore Crawler  
  146  7:51  Zergling x16  
  146  7:53  Spore Crawler  
  153  7:59  Zergling x10  
  153  8:00  Zergling x2  
  153  8:04  Baneling  
  153  8:05  Baneling x7  
  157  8:09  Zergling x22  
  167  8:16  Zergling x10  
  167  8:19  Extractor, Overlord  
  170  8:20  Baneling x8  
  170  8:21  Baneling x5, Infestation Pit  
  170  8:25  Baneling x7  
  170  8:27  Zergling x4  
  170  8:28  Overlord x2  
  153  8:35  Zergling x16  
  153  8:40  Zergling x10  
  155  8:53  Zergling x28  
  144  8:57  Zergling x2  
  144  8:58  Zergling x8  
  144  9:02  Zergling x8  
  146  9:06  Baneling x9  
  146  9:12  Zergling x12  
  146  9:16  Baneling  
  150  9:17  Baneling x4  
  150  9:18  Zergling x6  
  134  9:25  Zergling x16  
  139  9:34  Drone x9  
  152  9:38  Drone x4  
  152  9:42  Drone x4  
  155  9:48  Drone x7  
  155  9:51  Overlord  
  162  9:53  Drone  
  162  9:54  Drone x2  
  165  10:00  Hive  
  165  10:01  Zerg Melee Weapons Level 2  
  165  10:05  Zerg Ground Armor Level 2  
  165  10:12  Zergling x16  
  172  10:18  Zergling x18  
  181  10:22  Baneling x9  
  181  10:23  Overseer x2  
  179  10:32  Zergling x26  
  181  10:42  Zergling x18  
  182  10:43  Zergling x10  
  180  10:51  Zergling x20  
  180  10:56  Zergling x8  
  176  11:00  Overlord  
  176  11:03  Baneling  
  176  11:04  Baneling x13  
  176  11:07  Zergling x10  
  174  11:15  Zergling x10  
  165  11:20  Adrenal Glands  
  165  11:22  Zergling x14  
  155  11:31  Zergling x8  
  143  11:35  Zergling x10  
  135  11:41  Drone x2  
  135  11:42  Ultralisk Cavern  
  135  11:43  Zergling x18  
  135  11:44  Spire  
  139  11:47  Spore Crawler  
  139  11:48  Spore Crawler x2, Baneling x14  
  139  11:49  Queen  
  139  11:50  Zergling x6  
  139  11:51  Baneling x3  
  139  11:52  Baneling  
  136  11:54  Zergling x4  
  132  12:12  Zergling x18  
  132  12:13  Zergling x8  
  124  12:17  Zergling x2  
  124  12:18  Zergling x4  
  127  12:25  Zergling x2  
  127  12:26  Zergling x20  
  127  12:28  Baneling x2  
  138  12:32  Baneling  
  138  12:33  Baneling x7  
  138  12:36  Zergling x12  
  143  12:42  Baneling x11  
  143  12:44  Zergling x8  
  147  12:53  Extractor x2, Drone x3  
  147  12:56  Overlord  
  148  12:59  Zergling x8  
  122  13:13  Zergling x2  
  122  13:14  Zergling x16  

Tags
 
Add a new tag
Caveats
  • Supply blocks, unpowered buildings, or Contaminate may cause inaccurate times.
  • Supply counts are checked every 10 seconds.